 Dungeon Sprint DCSS version 0.30-a0-305-g026cb31310 (webtiles) character file.

Game seed: 17079777390250574448

16604376 wilfster70 the Conqueror (level 21, 204/204 HPs)
             Began as a Formicid Fighter on Oct 23, 2022.
             Was an Initiate of Gozag.
             Escaped with the Orb
             ... and 5 runes!
             The game lasted 00:39:20 (9762 turns).

wilfster70 the Conqueror (Formicid Fighter)         Turns: 9762, Time: 00:39:21

Health: 204/204    AC: 42    Str: 35    XL:     21   Next: 30%
Magic:  49/49      EV: 10    Int: 10    God:    Gozag
Gold:   15114      SH: 34    Dex:  6    Spells: 55/68 levels left

rFire   + . .      SeeInvis +    b - +7 lajatang (vorpal)
rCold   + + .      Faith    .    o - +18 shield of the Gong {rElec rN+ Will+ EV-5}
rNeg    + . .      Spirit   .    w - +5 plate armour
rPois   +          Reflect  .    (helmet unavailable)
rElec   +          Harm     .    M - +2 cloak {rCorr}
rCorr   +          Rampage  ∞    j - +0 pair of gloves
Will    ++++.                    A - +3 pair of seven-league boots {Rampage+∞}
Stlth   ..........               q - amulet "Xiolaash" {rPois Regen+ Str+5 Dex-4}
HPRegen 1.34/turn                f - ring "Fiepoe" {rF+ AC+4}
MPRegen 0.31/turn                n - ring "Atonotil" {rElec rPois rC++ rCorr Dex-3}

@: no status effects
A: permanent stasis, dig shafts and tunnels, antennae 3, four strong arms,
strong-willed 1
0: Orb of Zot
}: 5/17 runes: decaying, serpentine, barnacled, silver, gossamer
a: Dig, Renounce Religion, Potion Petition, Call Merchant, Bribe Branch


You escaped.
You worshipped Gozag.
Gozag was extremely pleased with you.
You visited 1 branch You collected 50818 gold pieces.
You spent 8643 gold pieces at shops.
You paid 27061 gold pieces to Gozag.

Inventory:

Hand Weapons
 a - a +6 quarterstaff of speed
 b - a +7 vorpal lajatang (weapon)
Armour
 j - a +0 pair of gloves (worn)
 o - the +18 shield of the Gong (worn) {rElec rN+ Will+ EV-5}
   (You bought it in a shop in the Dungeon)

   It is deafeningly noisy when blocking attacks.
   EV:        It affects your evasion (-5).
   rElec:     It insulates you from electricity.
   rN:        It protects you from negative energy.
   Will:      It increases your willpower.
 s - a +4 tower shield of fire resistance
 w - a +5 plate armour (worn)
 A - the +3 pair of seven-league boots (worn) {Rampage+∞}
   (You bought it in a shop in the Dungeon)

   Its wearer moves as far as possible in that direction when moving towards
   enemies.
 M - a +2 cloak of preservation (worn)
Jewellery
 f - the ring "Fiepoe" (left hand) {rF+ AC+4}
   (You bought it in a shop in the Dungeon)

   [ring of protection]

   AC:        It affects your AC (+4).
   rF:        It protects you from fire.
 n - the ring "Atonotil" (right hand) {rElec rPois rC++ rCorr Dex-3}
   (You bought it in a shop in the Dungeon)

   [ring of resist corrosion]

   Dex:       It affects your dexterity (-3).
   rC:        It greatly protects you from cold.
   rElec:     It insulates you from electricity.
   rPois:     It protects you from poison.
   rCorr:     It protects you from acid and corrosion.
 q - the amulet "Xiolaash" (around neck) {rPois Regen+ Str+5 Dex-4}
   (You bought it in a shop in the Dungeon)

   [amulet of regeneration]

   Str:       It affects your strength (+5).
   Dex:       It affects your dexterity (-4).
   rPois:     It protects you from poison.
   Regen:     It increases your rate of health regeneration.
 t - a +6 ring of dexterity
 B - a +6 ring of strength
 D - a +3 ring of slaying
 E - the ring of Koxonaxu {rF+ Str+3 Int-3}
   (You found it in the Dungeon)

   [ring of protection from fire]

   Str:       It affects your strength (+3).
   Int:       It affects your intelligence (-3).
   rF:        It protects you from fire.
 F - the ring of Tisham {Contam rN+++ EV+3 SInv}
   (You found it in the Dungeon)

   [ring of evasion]

   EV:        It affects your evasion (+3).
   rN:        It renders you almost immune to negative energy.
   SInv:      It lets you see invisible.
   Contam:    It causes magical contamination when unequipped.
 G - the ring of Cioha {rPois Str+6 Int+3}
   (You found it in the Dungeon)

   [ring of strength]

   Str:       It affects your strength (+6).
   Int:       It affects your intelligence (+3).
   rPois:     It protects you from poison.
 H - the ring "Plog" {rC+ rCorr Int+3 Stlth-}
   (You found it in the Dungeon)

   [ring of intelligence]

   Int:       It affects your intelligence (+3).
   rC:        It protects you from cold.
   rCorr:     It protects you from acid and corrosion.
   Stlth:     It makes you less stealthy.
Wands
 i - a wand of iceblast (2)
 m - a wand of flame (15)
Scrolls
 h - 2 scrolls of amnesia
 p - 3 scrolls of fog
 r - a scroll of identify
 u - a scroll of poison
 x - 6 scrolls of fear
 y - a scroll of summoning
Potions
 c - a potion of cancellation
 d - a potion of might
 e - 12 potions of curing
 g - 9 potions of magic
 k - 3 potions of brilliance
 l - 2 potions of invisibility
 v - 2 potions of resistance
 z - 11 potions of heal wounds
Miscellaneous
 C - a phantom mirror
 I - a tin of tremorstones (2/2)
 J - a lightning rod (4/4)


   Skills:
 O Level 27 Fighting
 O Level 27 Staves
 O Level 27 Armour
 O Level 27 Dodging
 O Level 27 Shields
 + Level 24.4 Spellcasting
 + Level 17.9 Necromancy
 - Level 18.8 Transmutations
 - Level 22.0 Poison Magic
 O Level 27 Evocations


You had 55 spell levels left.
You knew the following spells:

 Your Spells              Type           Power      Damage    Failure   Level
a - Alistair's Intoxicat  Tmut/Pois      34%        N/A       1%          5
b - Borgnjor's Revivific  Necr           24%        N/A       30%         8

Your spell library contained the following spells:

 Spells                   Type           Power      Damage    Failure   Level
 Cigotuvi's Dreadful Rot  Necr/Pois/Air  76%        N/A       1%          2
 Poisonous Vapours        Pois/Air       68%        N/A       1%          2


Dungeon Overview and Level Annotations

Branches:
Dungeon (1/1)

Altars:
Cheibriados
Dithmenos
Elyvilon
Fedhas
Gozag
Hepliaklqana
Kikubaaqudgha
Makhleb
Nemelex Xobeh
Okawaru
Qazlal
Ru
Sif Muna
Trog
Uskayaw
Vehumet
Wu Jian
Xom
Yredelemnul
Zin
The Shining One
Jiyva
Lugonu

Shops:
D [[[**[(!=[[**?*==[=


Innate Abilities, Weirdness & Mutations

You cannot be hasted, slowed, berserked, paralysed or teleported.
You can dig through walls and to a lower floor.
You have a pair of large antennae on your head. (SInv)
Your four strong arms can wield two-handed weapons with a shield.
You are strong-willed. (Will+)


Message History

a +0 robe; a +0 dagger
There is an open door to the Dungeon, spattered with blood here.
Things that are here:
a +0 giant club; a +0 dire flail You see here a +0 pair of gloves.
Items here: )))))).
You see here a scroll of blinking.
There is an open door here.
There is a glowing golden altar of the Shining One here.
There is a glowing silver altar of Zin here.
There is a basalt altar of Yredelemnul here.
There is a shimmering altar of Xom here.
There is an ornate altar of the Wu Jian Council here.
There is a radiant altar of Vehumet here.
There is a hide-covered altar of Uskayaw here.
There is a bloodstained altar of Trog here.
There is a shimmering blue altar of Sif Muna here.
There is a sacrificial altar of Ru here.
There is a stormy altar of Qazlal here.
There is an iron altar of Okawaru here.
There is a sparkling altar of Nemelex Xobeh here.
There is a burning altar of Makhleb here.
There is a corrupted altar of Lugonu here.
There is an ancient bone altar of Kikubaaqudgha here.
There is a viscous altar of Jiyva here.
There is a hazy altar of Hepliaklqana here.
There is an opulent altar of Gozag here.
There is a blossoming altar of Fedhas here.
There is a white marble altar of Elyvilon here.
There is a shadowy altar of Dithmenos here.
There is a snail-covered altar of Cheibriados here.
There is a roughly hewn altar of Beogh here.
There is an open door to the Temple here.
There is an open door, spattered with blood here.
You see here a +0 hand axe.
There is an open door to the Dungeon here.
You see here a +0 short sword.
There is a staircase leading out of the dungeon here.
You can't go down here!
You have escaped!

▓▓▓▓▓▓▓▓▓▓▓▓▓▓▓▓▓▓
'.....).....)...@▓
▓▓▓▓▓▓▓▓▓▓▓▓▓▓▓▓▓▓
.................▓
▓▓▓▓▓▓▓▓▓▓▓▓▓▓▓▓.▓
..[)!....'.......▓
▓▓▓▓▓▓▓▓▓▓▓▓▓▓▓▓▓▓
.....(.........[[▓
▓▓▓▓▓▓▓▓▓▓▓▓▓▓▓▓[▓
.[['.......[...[[▓


There were no monsters in sight!

Vanquished Creatures
  3 orbs of fire (D)
  4 ancient liches (D)
  Mara (D)
  Mennas (D)
  Boris (D)
  Frederick (D)
  A Killer Klown (D)
  Margery (D)
  Xtahua (D)
  2 curse toes (D)
  Nikola (D)
  2 golden dragons (D)
  4 pandemonium lords (D)
  A Brimstone Fiend (D)
  3 electric golems (D)
  5 liches (D)
  Rupert (D)
  3 tentacled monstrosities (D)
  35 Orb Guardians (D)
  A titan (D)
  2 Ice Fiends (D)
  4 quicksilver dragons (D)
  A sphinx (D)
  2 death cobs (D)
  5 storm dragons (D)
  7 shadow dragons (D)
  2 tengu reavers (D)
  Ilsuiw (D)
  5 nagarajas (D)
  A frost giant (D)
  Donald (D)
  2 draconian knights (D)
  8 emperor scorpions (D)
  2 draconian scorchers (D)
  A deep elf sorcerer (D)
  4 draconian shifters (D)
  Louise (D)
  3 vault wardens (D)
  2 ghost moths (D)
  7 ironbound preservers (D)
  A cacodemon (D)
  A draconian stormcaller (D)
  4 very ugly things (D)
  2 draconian annihilators (D)
  A demonspawn blood saint (D)
  An ironbound thunderhulk (D)
  3 green draconians (D)
  8 stone giants (D)
  A deep elf annihilator (D)
  A purple draconian (D)
  A black draconian (D)
  A lorocyproca (D)
  A demonspawn black sun (D)
  A yellow draconian (D)
  5 red draconians (D)
  Snorg (D)
  3 blizzard demons (D)
  A deep elf death mage (D)
  A spark wasp (D)
  2 merfolk impalers (D)
  An entropy weaver (D)
  6 merfolk javelineers (D)
  5 ettins (D)
  6 fire dragons (D)
  A green death (D)
  A yaktaur captain (D)
  A rakshasa (D)
  3 ice dragons (D)
  3 great orbs of eyes (D)
  4 hell beasts (D)
  A salamander tyrant (D)
  25 vault guards (D)
  A catoblepas (D)
  A spriggan air mage (D)
  4 hydras (D)
  An ironbound frostheart (D)
  3 ogre magi (D)
  2 merfolk avatars (D)
  Erica (D)
  5 merfolk aquamancers (D)
  A ghost crab (D)
  An alligator snapping turtle (D)
  A two-headed ogre (D)
  A boulder beetle (D)
  A death yak (D)
  2 deep troll earth magi (D)
  An alligator (D)
  6 naga warriors (D)
  An orc high priest (D)
  A spriggan berserker (D)
  2 sun demons (D)
  Sonja (D)
  4 hell knights (D)
  2 soul eaters (D)
  2 naga sharpshooters (D)
  Nergalle (D)
  4 sixfirhies (D)
  An iron troll (D)
  A pharaoh ant (D)
  An orb spider (D)
  A cherub (D)
  2 deep trolls (D)
  9 swamp dragons (D)
  2 wizards (D)
  3 glowing orange brains (D)
  7 ironbound convokers (D)
  A phantasmal warrior (D)
  3 necromancers (D)
  A harpy (D)
  A cyclops (D)
  A manticore (D)
  7 orc knights (D)
  6 wolf spiders (D)
  An ugly thing (D)
  11 moths of wrath (D)
  A water nymph (D)
  A merfolk siren (D)
  2 guardian serpents (D)
  4 naga magi (D)
  3 vault sentinels (D)
  2 black mambas (D)
  A rust devil (D)
  An elephant (D)
  3 smoke demons (D)
  3 orange demons (D)
  A cane toad (D)
  A torpor snail (shapeshifter) (D)
  A hellion (D)
  A gargoyle (D)
  A demonic crawler (D)
  2 tormentors (D)
  An efreet (D)
  3 hellwings (D)
  A rime drake (D)
  A tengu conjurer (D)
  A merfolk (D)
  A meliai (D)
  8 trolls (D)
  A polar bear (D)
  2 slime creatures (D)
  2 tyrant leeches (D)
  A hornet (D)
  A dream sheep (D)
  2 jumping spiders (D)
  3 shadows (D)
  A wraith (D)
  3 ynoxinuls (D)
  5 yaks (D)
  A chaos spawn (D)
  A neqoxec (D)
  A human (shapeshifter) (D)
  4 golden eyes (D)
  A redback (D)
  A basilisk (D)
  2 large abominations (D)
  A naga (D)
  3 wargs (D)
  3 water moccasins (D)
  10 hell hounds (D)
  A floating eye (D)
  2 swamp drakes (D)
  6 orc warriors (D)
  5 wolves (D)
  A bullfrog (D)
  A scorpion (D)
  A killer bee (D)
  A crimson imp (D)
  A hound (D)
  2 orc priests (D)
  4 orc wizards (D)
  A hell rat (D)
  An adder (D)
  A white imp (D)
  8 orcs (D)
  A giant cockroach (D)
  2 quokkas (D)
  A kobold (D)
  A rat (D)
473 creatures vanquished.

Vanquished Creatures (others)
  A bunyip (D)
  A spriggan druid (D)
  A swamp drake (D)
3 creatures vanquished.

Grand Total: 476 creatures vanquished

Notes
Turn   | Place    | Note
-------+----------+-------------------------------------------
     0 | D        | wilfster70 the Formicid Fighter began the quest for the
                  | Orb.
     0 | D        | Reached XP level 1. HP: 18/18 MP: 1/1
    38 | D        | Noticed a hound
    38 | D        | Noticed a scorpion
    45 | D        | Reached XP level 2. HP: 12/25 MP: 2/2
    50 | D        | Killed a scorpion
    51 | D        | Reached skill level 5 in Fighting
    51 | D        | Reached skill level 5 in Staves
    51 | D        | Reached skill level 5 in Armour
    51 | D        | Reached XP level 3. HP: 11/33 MP: 3/3
    51 | D        | Reached XP level 4. HP: 13/39 MP: 4/4
    56 | D        | Reached XP level 5. HP: 16/44 MP: 5/5
   162 | D        | Found a snail-covered altar of Cheibriados.
   162 | D        | Found a shadowy altar of Dithmenos.
   162 | D        | Found a white marble altar of Elyvilon.
   162 | D        | Found a blossoming altar of Fedhas.
   162 | D        | Found an opulent altar of Gozag.
   163 | D        | Found a hazy altar of Hepliaklqana.
   164 | D        | Found a viscous altar of Jiyva.
   165 | D        | Found an ancient bone altar of Kikubaaqudgha.
   166 | D        | Found a corrupted altar of Lugonu.
   167 | D        | Found a burning altar of Makhleb.
   168 | D        | Found a sparkling altar of Nemelex Xobeh.
   169 | D        | Found an iron altar of Okawaru.
   170 | D        | Became a worshipper of Gozag Ym Sagoz the Greedy
   171 | D        | Found a stormy altar of Qazlal.
   172 | D        | Found a sacrificial altar of Ru.
   173 | D        | Found a shimmering blue altar of Sif Muna.
   174 | D        | Found a bloodstained altar of Trog.
   175 | D        | Found a hide-covered altar of Uskayaw.
   176 | D        | Found a radiant altar of Vehumet.
   177 | D        | Found an ornate altar of the Wu Jian Council.
   178 | D        | Found a shimmering altar of Xom.
   179 | D        | Found a basalt altar of Yredelemnul.
   180 | D        | Found a glowing silver altar of Zin.
   181 | D        | Found a glowing golden altar of the Shining One.
   227 | D        | Noticed a wraith
   227 | D        | Noticed a yak
   227 | D        | Noticed a two-headed ogre
   227 | D        | Noticed a yak
   233 | D        | Killed a yak
   234 | D        | Reached XP level 6. HP: 39/55 MP: 6/6
   243 | D        | Killed a two-headed ogre
   244 | D        | Reached skill level 10 in Shields
   244 | D        | Reached XP level 7. HP: 34/64 MP: 7/7
   244 | D        | Reached XP level 8. HP: 37/71 MP: 8/8
   253 | D        | Killed a yak
   259 | D        | Killed a wraith
   365 | D        | Noticed a cyclops
   365 | D        | Noticed a shadow
   365 | D        | Noticed a gargoyle
   365 | D        | Noticed a shadow
   365 | D        | Noticed a slime creature
   365 | D        | Noticed a shadow
   371 | D        | Killed a shadow
   379 | D        | Killed a slime creature
   380 | D        | Reached skill level 10 in Fighting
   380 | D        | Reached skill level 10 in Armour
   380 | D        | Reached XP level 9. HP: 78/78 MP: 9/9
   400 | D        | Killed a gargoyle
   416 | D        | Killed a cyclops
   552 | D        | Noticed a polar bear
   552 | D        | Noticed a black mamba
   562 | D        | Killed a black mamba
   563 | D        | Reached XP level 10. HP: 61/89 MP: 10/10
   735 | D        | Bought the ring "Atonotil" {rElec rPois rC++ rCorr Dex-3}
                  | for 839 gold pieces
   749 | D        | Noticed an elephant
   749 | D        | Noticed a death yak
   749 | D        | Noticed a cane toad
   749 | D        | Noticed a catoblepas
   769 | D        | Killed a catoblepas
   789 | D        | Killed a death yak
   795 | D        | Killed a cane toad
   800 | D        | Noticed a rime drake
   806 | D        | Killed an elephant
   807 | D        | Reached skill level 15 in Fighting
   807 | D        | Reached skill level 15 in Armour
   807 | D        | Reached XP level 11. HP: 31/102 MP: 11/11
  1166 | D        | Bought a scroll labelled NARIUBAGUOZ for 25 gold pieces
  1166 | D        | Bought a scroll labelled KUNYUMAUSU for 25 gold pieces
  1203 | D        | Noticed Sonja
  1210 | D        | Killed Sonja
  1254 | D        | Noticed an orc high priest
  1276 | D        | Killed an orc high priest
  1316 | D        | Noticed an orc knight
  1367 | D        | Killed an orc knight
  1556 | D        | Noticed an orc knight
  1557 | D        | Noticed an orc knight
  1559 | D        | Noticed an orc knight
  1573 | D        | Killed an orc knight
  1580 | D        | Killed an orc knight
  1593 | D        | Killed an orc knight
  1741 | D        | Noticed an orc knight
  1742 | D        | Noticed an orc knight
  1760 | D        | Killed an orc knight
  1761 | D        | Reached XP level 12. HP: 81/117 MP: 12/12
  2084 | D        | Found Imioc's Jewellery Boutique.
  2084 | D        | Noticed an ogre mage
  2084 | D        | Noticed a deep troll
  2093 | D        | Killed an ogre mage
  2097 | D        | Found Kirom's Antique Weapon Shop.
  2108 | D        | Killed a deep troll
  2116 | D        | Found Ockad's Antique Armour Boutique.
  2116 | D        | Noticed an ogre mage
  2125 | D        | Found Emumm's Antique Armour Shop.
  2130 | D        | Killed an ogre mage
  2163 | D        | Noticed an iron troll
  2166 | D        | Noticed a deep troll
  2177 | D        | Killed an iron troll
  2187 | D        | Killed a deep troll
  2323 | D        | Bought a +1 cloak of poison resistance for 243 gold pieces
  2336 | D        | Bought a tin of tremorstones (2/2) for 1440 gold pieces
  2336 | D        | Bought a glittering copper amulet for 180 gold pieces
  2336 | D        | Identified the amulet "Xiolaash" {rPois Regen+ Str+5 Dex-4}
                  | (You bought it in a shop in the Dungeon)
  2373 | D        | Noticed Erica
  2381 | D        | Killed Erica
  2554 | D        | Noticed a boulder beetle
  2554 | D        | Noticed an ogre mage
  2568 | D        | Killed an ogre mage
  2579 | D        | Noticed a rakshasa
  2584 | D        | Killed a boulder beetle
  2584 | D        | Noticed a stone giant
  2585 | D        | Reached skill level 5 in Evocations
  2585 | D        | Noticed an ettin
  2590 | D        | Noticed a stone giant
  2597 | D        | Reached XP level 13. HP: 42/129 MP: 13/13
  2597 | D        | Noticed a stone giant
  2598 | D        | Noticed a sphinx
  2601 | D        | Noticed a stone giant
  2609 | D        | Killed a stone giant
  2619 | D        | Killed a stone giant
  2627 | D        | Killed an ettin
  2634 | D        | Killed a stone giant
  2640 | D        | Killed a sphinx
  2648 | D        | Killed a stone giant
  2650 | D        | Killed a rakshasa
  2749 | D        | Noticed Donald
  2765 | D        | Killed Donald
  2808 | D        | Noticed Snorg
  2819 | D        | Killed Snorg
  2820 | D        | Reached skill level 10 in Evocations
  3005 | D        | Noticed a merfolk impaler
  3006 | D        | Noticed a merfolk avatar
  3010 | D        | Noticed an alligator snapping turtle
  3018 | D        | Killed a merfolk impaler
  3045 | D        | Killed a merfolk avatar
  3046 | D        | HP: 2/134 [merfolk aquamancer/shard of ice (17)]
  3052 | D        | HP: 4/201 [alligator snapping turtle (30)]
  3061 | D        | HP: 1/201 [alligator snapping turtle (25)]
  3064 | D        | Killed an alligator snapping turtle
  3207 | D        | Noticed a ghost crab
  3207 | D        | Noticed a bunyip
  3213 | D        | Killed a bunyip
  3215 | D        | Killed a ghost crab
  3240 | D        | Reached XP level 14. HP: 141/143 MP: 14/14
  3302 | D        | Noticed an emperor scorpion
  3326 | D        | Killed an emperor scorpion
  3521 | D        | Noticed a spark wasp
  3521 | D        | Noticed a stone giant
  3530 | D        | Noticed a stone giant
  3533 | D        | Killed a stone giant
  3536 | D        | Noticed a white very ugly thing
  3548 | D        | Noticed a frost giant
  3551 | D        | Killed a spark wasp
  3552 | D        | Noticed a stone giant
  3561 | D        | Noticed a green very ugly thing
  3565 | D        | Killed a stone giant
  3566 | D        | Noticed a brown very ugly thing
  3569 | D        | Killed a white very ugly thing
  3575 | D        | Killed a frost giant
  3576 | D        | Reached skill level 15 in Evocations
  3576 | D        | Killed a green very ugly thing
  3585 | D        | Killed a stone giant
  3591 | D        | Killed a brown very ugly thing
  3614 | D        | Reached XP level 15. HP: 59/158 MP: 15/15
  3618 | D        | Reached skill level 27 in Fighting
  3650 | D        | Bought the ring "Fiepoe" {rF+ AC+4} for 600 gold pieces
  3713 | D        | Noticed an ironbound preserver
  3713 | D        | Noticed an ironbound preserver
  3714 | D        | Noticed an ironbound preserver
  3715 | D        | Killed an ironbound preserver
  3717 | D        | Killed an ironbound preserver
  3719 | D        | Noticed a vault warden
  3721 | D        | Killed an ironbound preserver
  3722 | D        | Noticed an ironbound preserver
  3725 | D        | Noticed an ironbound preserver
  3726 | D        | Noticed a vault warden
  3727 | D        | Killed an ironbound preserver
  3734 | D        | Killed a vault warden
  3737 | D        | Noticed a vault warden
  3742 | D        | Killed a vault warden
  3750 | D        | Killed an ironbound preserver
  3751 | D        | Killed a vault warden
  3849 | D        | Noticed Mara
  3852 | D        | Noticed Margery
  3863 | D        | Noticed wilfster70's illusion
  3868 | D        | Noticed Boris
  3874 | D        | Killed Margery
  3875 | D        | Reached skill level 27 in Armour
  3907 | D        | Killed Boris
  3974 | D        | Noticed wilfster70's illusion
  3975 | D        | Killed Mara
  4264 | D        | Noticed Xtahua
  4288 | D        | Killed Xtahua
  4289 | D        | Reached XP level 16. HP: 139/167 MP: 16/16
  4316 | D        | Bought the +3 pair of seven-league boots {Rampage+∞} for
                  | 640 gold pieces
  4316 | D        | Found the +3 pair of seven-league boots {Rampage+∞}
  4449 | D        | Got a decaying rune of Zot
  4480 | D        | Noticed Ilsuiw
  4501 | D        | Killed Ilsuiw
  4506 | D        | Reached skill level 5 in Dodging
  4515 | D        | Reached skill level 15 in Shields
  4525 | D        | Got a barnacled rune of Zot
  4553 | D        | Noticed an emperor scorpion
  4553 | D        | Noticed an emperor scorpion
  4557 | D        | Noticed an emperor scorpion
  4568 | D        | Noticed an emperor scorpion
  4574 | D        | Killed an emperor scorpion
  4583 | D        | Noticed an emperor scorpion
  4592 | D        | Killed an emperor scorpion
  4594 | D        | Noticed an emperor scorpion
  4616 | D        | Noticed an emperor scorpion
  4621 | D        | Killed an emperor scorpion
  4644 | D        | Killed an emperor scorpion
  4657 | D        | Killed an emperor scorpion
  4671 | D        | Killed an emperor scorpion
  4672 | D        | Reached skill level 10 in Dodging
  4672 | D        | Reached skill level 27 in Evocations
  4690 | D        | Killed an emperor scorpion
  4707 | D        | Got a gossamer rune of Zot
  4858 | D        | Noticed a nagaraja
  4858 | D        | Noticed a nagaraja
  4858 | D        | Noticed a nagaraja
  4866 | D        | Noticed a nagaraja
  4871 | D        | Killed a nagaraja
  4878 | D        | Killed a nagaraja
  4880 | D        | Noticed a nagaraja
  4889 | D        | Killed a nagaraja
  4897 | D        | Killed a nagaraja
  4912 | D        | Killed a nagaraja
  4927 | D        | Reached skill level 15 in Dodging
  4927 | D        | Reached XP level 17. HP: 133/174 MP: 17/17
  4944 | D        | Got a serpentine rune of Zot
  5083 | D        | Bought a potion of cancellation for 80 gold pieces
  5083 | D        | Bought a potion of curing for 30 gold pieces
  5083 | D        | Bought 2 potions of invisibility for 160 gold pieces
  5155 | D        | Noticed Rupert
  5185 | D        | Killed Rupert
  5514 | D        | Noticed a lich
  5521 | D        | Killed a lich
  5528 | D        | Noticed a shadow dragon
  5559 | D        | Reached skill level 15 in Staves
  5559 | D        | Noticed a shadow dragon
  5585 | D        | Killed a shadow dragon
  5605 | D        | Killed a shadow dragon
  5678 | D        | Noticed a shadow dragon
  5678 | D        | Noticed a quicksilver dragon
  5678 | D        | Noticed a tengu reaver
  5678 | D        | Noticed a shadow dragon
  5678 | D        | Noticed a tengu reaver
  5680 | D        | Killed a tengu reaver
  5682 | D        | Noticed a lich
  5684 | D        | Noticed a shadow dragon
  5687 | D        | Killed a tengu reaver
  5702 | D        | Noticed a titan
  5708 | D        | Killed a shadow dragon
  5732 | D        | Killed a shadow dragon
  5741 | D        | Killed a quicksilver dragon
  5744 | D        | Killed a lich
  5755 | D        | Killed a shadow dragon
  5771 | D        | Killed a titan
  5772 | D        | Reached XP level 18. HP: 132/182 MP: 18/18
  5786 | D        | Got a silver rune of Zot
  5788 | D        | Got the Quarto of the Stinger and Left-Handed Deeds
  5799 | D        | Noticed Frederick
  5801 | D        | Noticed Nergalle
  5805 | D        | Killed Nergalle
  5810 | D        | Killed Frederick
  5811 | D        | Noticed Louise
  5831 | D        | Killed Louise
  5870 | D        | Noticed Mennas
  5933 | D        | Killed Mennas
  6061 | D        | Got the ring of Koxonaxu {rF+ Str+3 Int-3}
  6063 | D        | Got the ring of Tisham {Contam rN+++ EV+3 SInv}
  6065 | D        | Got the ring of Cioha {rPois Str+6 Int+3}
  6067 | D        | Got the ring "Plog" {rC+ rCorr Int+3 Stlth-}
  6145 | D        | Bought a potion of heal wounds for 195 gold pieces
  6145 | D        | Bought an embroidered cloak for 292 gold pieces
  6145 | D        | Bought a scroll labelled GAEFUL XUCI for 39 gold pieces
  6210 | D        | Noticed Nikola
  6225 | D        | Killed Nikola
  6325 | D        | Noticed a tentacled monstrosity
  6346 | D        | Killed a tentacled monstrosity
  6462 | D        | Noticed a tentacled monstrosity
  6462 | D        | Noticed a death cob
  6476 | D        | Killed a death cob
  6501 | D        | Killed a tentacled monstrosity
  6554 | D        | Noticed an electric golem
  6593 | D        | Killed an electric golem
  6662 | D        | Noticed a curse toe
  6665 | D        | Noticed a golden dragon
  6678 | D        | Killed a curse toe
  6683 | D        | Killed a golden dragon
  6787 | D        | Bought a lightning rod (4/4) for 450 gold pieces
  6804 | D        | Noticed a quicksilver dragon
  6804 | D        | Noticed a quicksilver dragon
  6808 | D        | Reached XP level 19. HP: 156/189 MP: 19/19
  6818 | D        | Reached skill level 27 in Shields
  6947 | D        | Noticed an Orb Guardian
  6947 | D        | Noticed an Orb Guardian
  6947 | D        | Noticed an Orb Guardian
  6947 | D        | Noticed an Orb Guardian
  6947 | D        | Noticed an Orb Guardian
  6947 | D        | Noticed an Orb Guardian
  6951 | D        | Killed an Orb Guardian
  6956 | D        | Killed an Orb Guardian
  6961 | D        | Killed an Orb Guardian
  6963 | D        | Noticed an Orb Guardian
  6966 | D        | Killed an Orb Guardian
  6971 | D        | Killed an Orb Guardian
  6972 | D        | Reached skill level 27 in Dodging
  6978 | D        | Killed an Orb Guardian
  6982 | D        | Killed an Orb Guardian
  6983 | D        | Noticed an Orb Guardian
  6986 | D        | Noticed an Orb Guardian
  6986 | D        | Noticed an Orb Guardian
  6992 | D        | Killed an Orb Guardian
  6998 | D        | Killed an Orb Guardian
  7002 | D        | Killed an Orb Guardian
  7059 | D        | Noticed an Orb Guardian
  7059 | D        | Noticed an Orb Guardian
  7059 | D        | Noticed a tentacled monstrosity
  7059 | D        | Noticed a curse toe
  7062 | D        | Killed a tentacled monstrosity
  7063 | D        | Noticed an Orb Guardian
  7064 | D        | Killed a curse toe
  7066 | D        | Killed an Orb Guardian
  7068 | D        | Reached skill level 27 in Staves
  7068 | D        | Reached skill level 1 in Spellcasting
  7068 | D        | Noticed an Orb Guardian
  7069 | D        | Killed an Orb Guardian
  7071 | D        | Reached skill level 5 in Spellcasting
  7079 | D        | Killed an Orb Guardian
  7083 | D        | Killed an Orb Guardian
  7101 | D        | Learned a level 5 spell: Alistair's Intoxication
  7160 | D        | Noticed an ancient lich
  7170 | D        | Killed an ancient lich
  7171 | D        | Reached skill level 5 in Poison Magic
  7280 | D        | Noticed an orb of fire
  7280 | D        | Gained mutation: You occasionally lose the ability to drink
                  | potions when taking damage. [an orb of fire]
  7284 | D        | Gained mutation: You are partially covered in iridescent
                  | scales. (AC +2) [an orb of fire]
  7285 | D        | Gained mutation: You occasionally lose the ability to read
                  | scrolls when taking damage. [an orb of fire]
  7288 | D        | Killed an orb of fire
  7293 | D        | Lost mutation: You occasionally lose the ability to read
                  | scrolls when taking damage. [potion of mutation]
  7293 | D        | Lost mutation: You are partially covered in iridescent
                  | scales. (AC +2) [potion of mutation]
  7293 | D        | Lost mutation: You occasionally lose the ability to drink
                  | potions when taking damage. [potion of mutation]
  7293 | D        | Gained mutation: You are agile. (Dex +4, Str/Int -1)
                  | [potion of mutation]
  7293 | D        | Gained mutation: You are strong-willed. (Will+) [potion of
                  | mutation]
  7296 | D        | Noticed an electric golem
  7303 | D        | Killed an electric golem
  7406 | D        | Noticed an ancient lich
  7406 | D        | Noticed an ancient lich
  7406 | D        | Noticed an ancient lich
  7407 | D        | Noticed an orb of fire
  7412 | D        | Killed an ancient lich
  7413 | D        | Reached skill level 10 in Spellcasting
  7413 | D        | Reached skill level 10 in Poison Magic
  7413 | D        | Noticed an orb of fire
  7420 | D        | Killed an ancient lich
  7421 | D        | Reached skill level 10 in Transmutations
  7421 | D        | Noticed an electric golem
  7422 | D        | Noticed a Killer Klown
  7426 | D        | Killed an ancient lich
  7430 | D        | Killed an orb of fire
  7431 | D        | Reached XP level 20. HP: 178/197 MP: 35/37
  7436 | D        | Noticed a golden dragon
  7444 | D        | Lost mutation: You are agile. (Dex +4, Str/Int -1) [an orb
                  | of fire]
  7447 | D        | Killed an orb of fire
  7448 | D        | Reached skill level 15 in Poison Magic
  7459 | D        | Killed a golden dragon
  7473 | D        | Killed a Killer Klown
  7485 | D        | Reached skill level 15 in Spellcasting
  7488 | D        | Killed an electric golem
  7549 | D        | Reached skill level 15 in Transmutations
  7677 | D        | Got the Orb of Zot
  7783 | D        | Noticed an Ice Fiend
  7786 | D        | Killed an Ice Fiend
  7907 | D        | Learned a level 8 spell: Borgnjor's Revivification
  7960 | D        | Reached skill level 1 in Necromancy
  7969 | D        | Noticed Bautaw the pandemonium lord
  7984 | D        | Killed Bautaw the pandemonium lord
  8268 | D        | Reached skill level 5 in Necromancy
  8384 | D        | Noticed an Ice Fiend
  8390 | D        | Killed an Ice Fiend
  8626 | D        | Bought the +18 shield of the Gong {rElec rN+ Will+ EV-5}
                  | for 3405 gold pieces
  8626 | D        | Found the +18 shield of the Gong {rElec rN+ Will+ EV-5}
  8714 | D        | Reached skill level 10 in Necromancy
  8795 | D        | Noticed Ceheddusm the pandemonium lord
  8816 | D        | Killed Ceheddusm the pandemonium lord
  9054 | D        | Noticed a Brimstone Fiend
  9061 | D        | Killed a Brimstone Fiend
  9062 | D        | Reached XP level 21. HP: 132/204 MP: 46/46
  9315 | D        | Reached skill level 15 in Necromancy
  9449 | D        | Noticed Eghach the pandemonium lord
  9468 | D        | Killed Eghach the pandemonium lord
  9661 | D        | Noticed Mautuop the pandemonium lord
  9681 | D        | Killed Mautuop the pandemonium lord
  9762 | D        | Escaped with the Orb!

Illustrated notes

Levels and vault maps discovered:
D:        linesprint [early_d, line_temple, items_1, d_10, items_2, lair_1,
          lair_end, items_3, orc_1, orc_end, items_4, d_15, swamp_1, shoals_1,
          snake_1, spider_1, d_20, vaults_1, items_5, swamp_end, shoals_end,
          snake_end, spider_end, vaults_end, d_27, items_6, zot_1, zot_end,
          crypt_end, forest_end, elf_end, slime_end, tomb_end, abyss_end,
          pan_hell_end]

Skill      XL: |  1  2  3  4  5  6  7  8  9 10 11 12 13 14 15 16 17 18 19 20 21 |
---------------+----------------------------------------------------------------+-----
Fighting       | 4 5 7 9 10 11 15 18 20 23 26 27 | 27.0
Staves         | 3 5 6 8 11 12 14 17 22 27 | 27.0
Armour         | 4 5 7 9 10 11 15 18 20 22 24 27 | 27.0
Shields        | 6 8 10 11 12 15 19 26 27 | 27.0
Evocations     | 5 11 15 23 27 | 27.0
Dodging        | 15 22 25 27 | 27.0
Spellcasting   | 13 21 24 | 24.4
Transmutations | 12 18 | 18.8
Poison Magic   | 14 22 | 22.0
Necromancy     | 13 17 | 17.9

Action                   |  1- 3 |  4- 6 |  7- 9 | 10-12 | 13-15 | 16-18 | 19-21 || total
-------------------------+-------+-------+-------+-------+-------+-------+-------++-------
Melee: Quarterstaff      |    23 |    17 |    74 |   373 |   401 |   767 |       ||  1655
       Lajatang          |       |       |       |       |       |   187 |   574 ||   761
Invok: Potion Petition   |       |       |       |     4 |     5 |       |       ||     9
       Call Merchant     |       |       |       |     4 |     2 |     8 |     1 ||    15
Evoke: Wand              |       |     1 |       |       |     7 |       |       ||     8
       Tin of tremorston |       |       |       |       |    36 |    35 |     7 ||    78
       Lightning rod     |       |       |       |       |       |       |     5 ||     5
  Use: Potion            |     1 |     3 |       |     3 |     6 |       |     1 ||    14
       Scroll            |       |       |     6 |     4 |       |    10 |     1 ||    21
 Stab: Invisible         |       |     2 |     3 |       |       |       |       ||     5
       Distracted        |       |       |       |     4 |     5 |     9 |     7 ||    25
Armor: Scale mail        |     6 |     1 |       |       |       |       |       ||     7
       Plate armour      |       |     1 |    12 |    74 |   194 |   373 |    75 ||   729
       Skin              |       |       |       |       |    15 |       |       ||    15
Dodge: Dodged            |     7 |     6 |     9 |    53 |    44 |   139 |    51 ||   309
Block: Buckler           |     3 |     2 |     7 |    34 |       |       |       ||    46
       Tower shield      |       |       |       |     7 |   178 |   449 |   175 ||   809
       Kite shield       |       |       |       |       |       |       |   105 ||   105

Table legend: (Time is in decaauts)
 A = Elapsed time spent in this place.
 B = Non-inter-level travel time spent in this place.
 C = Inter-level travel time spent in this place.
 D = Time resting spent in this place.
 E = Time spent auto-exploring this place.
 F = Levels seen in this place.
 G = Mean time per level.
                   A        B        C        D        E       F      G
               +--------+--------+--------+--------+--------+-----+--------+
         Total |   8771 |   7897 |    874 |   2670 |    154 |   1 | 8771.0 |
       Dungeon |   8771 |   7897 |    874 |   2670 |    154 |   1 | 8771.0 |
               +--------+--------+--------+--------+--------+-----+--------+

Top non-repeatable levels by time:
       D: 8771 daAuts
